 Dungeon Crawl Stone Soup version 0.27.1-34-g3ba077fa99 (webtiles) character file.

Game seed: 5324417225590177496

6783 zeram the Basher (level 11, -8/60 HPs)
             Began as a Gargoyle Fighter on Jan 4, 2022.
             Was an Initiate of Gozag.
             Splashed by an acid dragon's acid (12 damage)
             ... on level 9 of the Dungeon.
             The game lasted 00:16:39 (10136 turns).

zeram the Basher (Gargoyle Fighter)                Turns: 10136, Time: 00:16:40

Health: -8/60      AC: 19    Str: 24    XL:     11   Next: 5%
Magic:  11/11      EV:  6    Int:  8    God:    Gozag
Gold:   788        SH: 13    Dex:  9    Spells: 10/10 levels left

rFire    . . .     SeeInvis .   e - +0 morningstar (protect)
rCold    . . .     Faith    .   c - +1 kite shield
rNeg     + . .     Spirit   .   f - +0 plate armour
rPois    ∞         Reflect  .   (no helmet)
rElec    +         Harm     .   n - +1 cloak
rCorr    .         Rampage  .   (no gloves)
Will     .....                  p - +1 pair of boots
Stlth    ..........             (no amulet)
HPRegen  0.20/turn              o - ring of flight
MPRegen  0.12/turn              (no ring)

@: corroded, gold aura, flying
A: sickness immunity, AC +8, negative energy resistance 1, electricity
resistance, torment resistance 1, petrification resistance, hooves 1, subdued
magic 1
a: Renounce Religion, Potion Petition, Call Merchant, Bribe Branch


You were on level 9 of the Dungeon.
You worshipped Gozag.
Gozag was pleased with you.
You visited 2 branches of the dungeon, and saw 10 of its levels.

You collected 874 gold pieces.
You paid 86 gold pieces to Gozag.

Inventory:

Hand Weapons
 a - a +0 flail
 e - a +0 morningstar of protection (weapon)
Armour
 c - a +1 kite shield (worn)
 f - a +0 plate armour (worn)
 n - a +1 cloak (worn)
 p - a +1 pair of boots (worn)
Jewellery
 l - a ring of fire
 o - a ring of flight (left hand)
 t - a ring of ice
Wands
 d - a wand of flame (15)
 i - a wand of acid (7)
Scrolls
 b - a scroll of noise
 h - 5 scrolls of identify
 j - a scroll of brand weapon
 k - 5 scrolls of teleportation
 q - a scroll of amnesia
 r - a scroll of fog
Potions
 g - 6 potions of brilliance


   Skills:
 - Level 3.5 Fighting
 + Level 11.3 Maces & Flails
 + Level 9.2 Armour
 + Level 1.3 Dodging
 + Level 10.1 Shields
 + Level 1.1 Evocations


You had 10 spell levels left.
You didn't know any spells.
Your spell library contained the following spells:

 Spells                   Type           Power      Damage    Failure   Level
 Blink                    Tloc           N/A        N/A       100%        2
 Call Canine Familiar     Summ           0%         N/A       100%        3
 Lesser Beckoning         Tloc           0%         N/A       100%        3
 Portal Projectile        Hex/Tloc       0%         N/A       100%        3
 Animate Armour           Summ/Erth      0%         N/A       100%        4
 Leda's Liquefaction      Hex/Erth       0%         N/A       100%        4
 Blade Hands              Tmut           0%         N/A       100%        5
 Manifold Assault         Tloc           0%         N/A       100%        5
 Iron Shot                Conj/Erth      0%         9d1       100%        6


Dungeon Overview and Level Annotations

Branches:
Dungeon (9/15)             Temple (1/1) D:6
   Lair: D:8-11         Orc: D:9-12

Altars:
Ashenzari
Cheibriados
Dithmenos
Elyvilon
Fedhas
Gozag
Hepliaklqana
Kikubaaqudgha
Makhleb
Nemelex Xobeh
Okawaru
Qazlal
Ru
Sif Muna
Trog
Uskayaw
Vehumet
Wu Jian
Xom
Yredelemnul
Zin
The Shining One

Shops:
D:3 =   D:9 (


Innate Abilities, Weirdness & Mutations

You are immune to sickness and miasma.
Your stone body is resilient. (AC +8)
You are immune to poison.
You resist negative energy. (rN+)
You are resistant to electric shocks. (rElec)
You are resistant to unholy torment.
You are immune to petrification.
You have large cloven feet.
Your spells are a little easier to cast, but a little less powerful.


Message History

Aiming: Throw Flame
Press: ? - help, Shift-Dir - straight line, f/p - acid dragon
Aim: an acid dragon (heavily wounded, catching its breath, 68% to hit)
The puff of flame hits the acid dragon.
The acid dragon is severely wounded.
The acid dragon bites you.
* * * LOW HITPOINT WARNING * * *
The acid dragon claws you but does no damage.
You feel better. You block the acid dragon's attack.
The acid dragon claws you but does no damage.
You hit the acid dragon but do no damage.
Your weapon exudes an aura of protection.
The acid dragon is severely wounded.
The yak is no longer distracted by gold.
You block the acid dragon's attack. The acid dragon claws you.
You barely miss the acid dragon.
The acid dragon is severely wounded.
The acid dragon bites you!
* * * LOW HITPOINT WARNING * * *
You block the acid dragon's attack.
You hit the acid dragon but do no damage.
The acid dragon is severely wounded.
You block the acid dragon's attack. The acid dragon closely misses you.
You hit the acid dragon but do no damage.
The acid dragon is severely wounded.
The acid dragon spits acid at you.
The splash of acid hits you but does no damage.
The acid corrodes you!
You are splashed with acid!
* * * LOW HITPOINT WARNING * * *
Okay, then.
Okay, then.
Blink to where?
Press: ? - help, Dir - move target, p - acid dragon
As you read the scroll of blinking, it crumbles to dust.
There is an escape hatch in the ceiling here.
The acid dragon spits acid at you.
The splash of acid hits you but does no damage.
You are splashed with acid!
You die...
Your body crumbles into a pile of gold.

####....#..........
#.##.###########
#.##.# #.##.# ###.##.#
#...##.. ......
#####8..<### .>.###
#.........####
##)##.@.........
.##...##.....######..#
........∩....# #..#
.#.....#.#.#.# #..#
..<.....8.##.# ...
.#........##.##


ol# ##...##....#.# #o# #. ..........D..## #o# #. ###.#####.#.## #.# #. You could
see an acid dragon (catching breath).

Vanquished Creatures
  A two-headed ogre (D:9)
  The ghost of Stomo444 the Demonic Mishap, a novice DsGl of Qazlal (D:8)
  Pikel (D:4)
  A komodo dragon (D:8)
  A troll (D:9)
  3 hornets
  Sigmund (D:4)
  4 yaks (D:9)
  3 wyverns
  A steam dragon (D:8)
  2 water moccasins
  Duvessa (D:6)
  A hornet zombie (D:7)
  An orc warrior (D:9)
  2 sky beasts
  3 ice beasts
  2 ogres
  A necrophage (D:9)
  2 centaurs
  3 lemures (D:4)
  A phantom (D:4)
  3 kobold brigands
  3 bullfrogs
  Dowan (D:6)
  An electric eel (D:7)
  4 centaur zombies
  A bullfrog zombie (D:6)
  A hound (D:4)
  2 jellies
  3 bullfrog skeletons (D:6)
  3 orc priests
  4 orc wizards
  A scorpion zombie (D:3)
  3 iguanas
  A killer bee zombie (D:7)
  2 hound skeletons
  A howler monkey zombie (D:5)
  A gnoll (D:1)
  3 adders
  A shadow imp (D:7)
  2 white imps
  2 adder skeletons
  5 worms
  5 dart slugs
  8 orcs
  7 endoplasms
  3 giant cockroaches
  4 goblins
  3 hobgoblins
  7 jackals
  13 kobolds
  A quokka (D:4)
  8 ball pythons
  3 bats
  3 frilled lizards
  8 rats
157 creatures vanquished.

Vanquished Creatures (others)
  3 withered plants (D:9)
3 creatures vanquished.

Grand Total: 160 creatures vanquished

Notes
Turn   | Place    | Note
-------+----------+-------------------------------------------
     0 | D:1      | zeram the Gargoyle Fighter began the quest for the Orb.
     0 | D:1      | Reached XP level 1. HP: 14/14 MP: 1/1
    56 | D:1      | Reached XP level 2. HP: 8/19 MP: 2/2
   285 | D:1      | Found a faded altar of an unknown god.
   498 | D:1      | Reached XP level 3. HP: 17/23 MP: 3/3
  1893 | D:3      | Reached XP level 4. HP: 28/28 MP: 4/4
  1930 | D:3      | Reached skill level 3 in Maces & Flails
  2111 | D:3      | Found Iguh's Jewellery Boutique.
  2612 | D:3      | Noticed a sky beast
  2698 | D:3      | Killed a sky beast
  2699 | D:3      | Reached skill level 4 in Maces & Flails
  2699 | D:3      | Reached XP level 5. HP: 9/32 MP: 5/5
  3357 | D:4      | Found a sacrificial altar of Ru.
  3450 | D:4      | Reached XP level 6. HP: 34/37 MP: 6/6
  3656 | D:4      | Noticed Pikel
  3702 | D:4      | Gained mutation: Your spells are a little easier to cast,
                  | but a little less powerful. [potion of mutation]
  3702 | D:4      | Gained mutation: You have large cloven feet. [potion of
                  | mutation]
  4109 | D:4      | Killed Pikel
  4110 | D:4      | Reached skill level 5 in Maces & Flails
  4110 | D:4      | Reached skill level 5 in Armour
  4110 | D:4      | Reached skill level 5 in Shields
  4110 | D:4      | Reached XP level 7. HP: 21/41 MP: 7/7
  4431 | D:5      | Entered Level 5 of the Dungeon
  4699 | D:4      | Reached skill level 6 in Maces & Flails
  4841 | D:4      | Found a shimmering altar of Xom.
  4841 | D:4      | Found a sparkling altar of Nemelex Xobeh.
  4847 | D:4      | Noticed Sigmund
  4848 | D:4      | Found a bloodstained altar of Trog.
  4859 | D:4      | Killed Sigmund
  4860 | D:4      | Reached XP level 8. HP: 46/46 MP: 8/8
  4861 | D:4      | Found a basalt altar of Yredelemnul.
  4863 | D:4      | Found an iron altar of Okawaru.
  5372 | D:5      | Reached skill level 7 in Maces & Flails
  6078 | D:6      | Reached XP level 9. HP: 49/51 MP: 9/9
  6090 | D:6      | Found a staircase to the Ecumenical Temple.
  6158 | Temple   | Entered the Ecumenical Temple
  6540 | Temple   | Became a worshipper of Gozag Ym Sagoz the Greedy
  7038 | D:7      | Noticed Duvessa
  7038 | D:7      | Noticed Dowan
  7053 | D:6      | Killed Duvessa
  7054 | D:6      | Reached skill level 8 in Maces & Flails
  7079 | D:6      | Killed Dowan
  7746 | D:7      | Noticed a hornet
  7762 | D:7      | Killed a hornet
  8045 | D:7      | Noticed a hornet
  8071 | D:7      | Reached skill level 9 in Maces & Flails
  8083 | D:7      | Killed a hornet
  8084 | D:7      | Reached skill level 1 in Dodging
  8379 | D:8      | Reached XP level 10. HP: 51/56 MP: 10/10
  8536 | D:8      | Reached skill level 1 in Evocations
  8617 | D:8      | Reached skill level 10 in Maces & Flails
  8765 | D:8      | Found a stormy altar of Qazlal.
  8840 | D:8      | Found a runed translucent gate.
  8840 | D:8      | Found a runed translucent gate.
  8841 | D:8      | Found a runed translucent gate.
  8841 | D:8      | Noticed Stomo444's ghost (novice DsGl)
  9229 | D:8      | Killed Stomo444's ghost
  9445 | D:9      | Found Copsyet's Antique Weapon Shoppe.
  9584 | D:9      | Found a broken altar of Ashenzari.
  9683 | D:9      | Noticed a two-headed ogre
  9696 | D:9      | Killed a two-headed ogre
  9736 | D:9      | Reached skill level 11 in Maces & Flails
 10089 | D:9      | Reached skill level 10 in Shields
 10094 | D:9      | Reached XP level 11. HP: 53/60 MP: 11/11
 10132 | D:9      | HP: 3/60 [acid (11)]
 10136 | D:9      | Splashed by an acid dragon's acid

Illustrated notes

Levels and vault maps discovered:
D:1:      erik_arrival_orb_chamber, layout_rooms,
          hellmonk_ecumenical_altar_crossroads, bh_walls_and_bars
D:2:      layout_loops_corners
D:3:      layout_basic, serial_shops, shop
D:4:      layout_loops_ring, nicolae_ru_sacrificial_ziggurat,
          chequers_temple_overflow_minitemple, grunt_ministairs_13, uniq_pikel,
          uniq_sigmund
D:5:      layout_basic
D:6:      layout_loops_cross, minmay_temple_entry_ruins
D:7:      cheibrodos_helix_gallery, layout_rooms, grunt_decor_fettered,
          minmay_misc_feat_columns, minmay_misc_feat_alley,
          minmay_misc_feat_diagonals, uniq_duvessa
D:8:      layout_loops_ring, mainiacjoe_overflow_concentric_impassable,
          ebering_ghost_rock_garden
D:9:      layout_loops_ring, nicolae_ashenzari_skybound, serial_shops,
          shop_statue, serial_undead, serial_undead_a, serial_undead_a,
          serial_undead_b, serial_undead_e, serial_park_tiny_2
Temple:   minmay_temple_curvy_branch

Skill      XL: |  1  2  3  4  5  6  7  8  9 10 |
---------------+-------------------------------+-----
Maces & Flails | 4 5 6 7 9 11 | 11.3
Armour         | 4 5 6 8 9 |  9.2
Shields        | 4 5 6 7 8 10 | 10.1
Dodging        | 1 |  1.3
Evocations     | 1 |  1.1
Fighting       | |  3.5

Action                   |  1- 3 |  4- 6 |  7- 9 | 10-12 || total
-------------------------+-------+-------+-------+-------++-------
Melee: Flail             |   108 |   152 |       |       ||   260
       Morningstar       |       |    31 |   392 |   181 ||   604
       Kick              |       |    13 |    76 |       ||    89
Evoke: Wand              |       |       |     3 |     6 ||     9
  Use: Potion            |     1 |     6 |     7 |     2 ||    16
       Scroll            |     5 |       |     4 |     8 ||    17
Armor: Scale mail        |    22 |       |       |       ||    22
       Plate armour      |    59 |   114 |   257 |   124 ||   554
Dodge: Dodged            |    16 |    31 |    69 |    34 ||   150
Block: Kite shield       |    59 |    71 |   200 |   121 ||   451
